 Dungeon Crawl Stone Soup version 0.29-a0-1009-g60c99734e7 (webtiles) character file.

Game seed: 8348910066559463768

133 ragingrage the Chopper (level 5, 0/27 HPs)
             Began as a Vine Stalker Chaos Knight on Aug 8, 2022.
             Was a Plaything of Xom.
             Slain by a gnoll
             ... wielding a +0 whip
              (6 damage)
             ... on level 3 of the Dungeon.
             The game lasted 00:01:29 (2190 turns).

ragingrage the Chopper (Vine Stalker Chaos Knight)  Turns: 2190, Time: 00:01:30

Health: 0/27       AC:  5    Str: 17    XL:     5   Next: 16%
Magic:  0/6        EV: 11    Int: 12    God:    Xom [....*.]
Gold:   143        SH:  0    Dex: 13    Spells: 4/4 levels left

rFire   . . .      SeeInvis .   a - +0 hand axe (chaos)
rCold   . . .      Faith    .   (no shield)
rNeg    . . .      Spirit   +   b - +2 leather armour
rPois   .          Reflect  .   (no helmet)
rElec   .          Harm     .   (no cloak)
rCorr   .          Rampage  .   (no gloves)
Will    .....                   (no boots)
Stlth   +.........              (no amulet)
HPRegen 0.89/turn               (no ring)
MPRegen 0.10/turn               (no ring)

@: no status effects
A: fangs 2, regeneration 1, magic shield, antimagic bite, no potion heal 2
a: Renounce Religion


You were on level 3 of the Dungeon.
You worshipped Xom.
You were a beloved toy of Xom.
You visited 1 branch of the dungeon, and saw 3 of its levels.

You collected 143 gold pieces.

Inventory:

Hand Weapons
 a - a +0 hand axe of chaos (weapon)
Missiles
 l - 5 poisoned darts
Armour
 b - a +2 leather armour (worn)
Jewellery
 p - an amulet of reflection
Scrolls
 f - a scroll of vulnerability {unknown}
 g - a scroll of torment {unknown}
 h - a scroll of silence {unknown}
 i - a scroll of immolation {unknown}
 j - 3 scrolls of fog {unknown}
 m - a scroll of fear {unknown}
 n - a scroll of magic mapping {unknown}
 o - a scroll of teleportation {unknown}
Potions
 d - a potion of attraction {unknown}
 e - 2 potions of curing {unknown}
 k - a potion of brilliance {unknown}
 q - a potion of resistance {unknown}
Miscellaneous
 c - a piece from Xom's chessboard (15/15) (quivered)


   Skills:
 - Level 2.6 Fighting
 * Level 5.2 Axes
 - Level 1.5 Armour
 - Level 0.7 Dodging


You had 4 spell levels left.
You didn't know any spells.
Your spell library was empty.

Dungeon Overview and Level Annotations

Branches:
Dungeon (3/15)

Altars:
Wu Jian


Innate Abilities, Weirdness & Mutations

You have extremely sharp teeth.
Your natural rate of healing is unusually fast.
When hurt, damage is shared between your health and your magic reserves.
Your bite disrupts and absorbs the magic of your enemies.
Potions cannot restore your health.


Message History

You are too injured to fight recklessly!
You are too injured to fight recklessly!
You are too injured to fight recklessly!
You are too injured to fight recklessly!
You are too injured to fight recklessly!
You are too injured to fight recklessly!
You are too injured to fight recklessly!
You are too injured to fight recklessly!
You are too injured to fight recklessly!
You are too injured to fight recklessly!
You are too injured to fight recklessly!
You slash something! You freeze something.
Reactivating autopickup.
You feel a bit more experienced.
You hit the gnoll but do no damage.
The gnoll seems to speed up.
Xom is highly amused!
Your bite misses the gnoll.
A frilled lizard comes into view.
The gnoll throws a throwing net.
The throwing net barely misses you. The gnoll closely misses you.
The gnoll hits you from afar with a +0 spear.
You emit a cloud of colourful smoke!
The gnoll hits you with a +0 whip.
Things that are here:
a +0 flail; a gnoll corpse The gnoll hits you with a +0 spear.
The frilled lizard hisses angrily.
You hit the gnoll.
The gnoll seems to speed up.
The gnoll is moderately wounded.
You closely miss the gnoll. The gnoll hits you with a +0 whip.
* * * LOW HITPOINT WARNING * * *
The gnoll hits you with a +0 spear.
* * * LOW HITPOINT WARNING * * *
The gnoll closely misses you.
You slash the gnoll! You burn the gnoll.
You kill the gnoll!
You hit the gnoll.
The gnoll suddenly seems more agile.
Xom thinks this is hilarious!
The gnoll hits you with a +0 whip.
You die...

### #########.## ##
.........#.######.##
#######.###....(...####
#...## ##.##..§.....
#.##.# #.###§§..####
#.# #.#.# #g#.## #.#
#.# #@#.# ... #.# #)# #
... # # #.# ###. #.# .#
#.# l.. ... #.#


You could see a gnoll (fast, agile) and a frilled lizard.

Vanquished Creatures
  An orc wizard (D:3)
  2 gnolls (D:3)
  3 adders
  A dart slug (D:2)
  2 orcs (D:3)
  7 bats
  2 endoplasms
  2 giant cockroaches
  3 goblins (D:2)
  4 hobgoblins
  4 kobolds
  A quokka (D:2)
  A ball python (D:2)
  A frilled lizard (D:2)
  3 rats
37 creatures vanquished.

Vanquished Creatures (collateral kills)
  An orc priest (D:3)
  An orc (D:3)
2 creatures vanquished.

Vanquished Creatures (others)
  13 plants (D:2)
13 creatures vanquished.

Grand Total: 52 creatures vanquished

Notes
Turn   | Place    | Note
-------+----------+-------------------------------------------
     0 | D:1      | ragingrage the Vine Stalker Chaos Knight began the quest
                  | for the Orb.
     0 | D:1      | Reached XP level 1. HP: 11/11 MP: 2/2
    56 | D:1      | Reached skill level 3 in Axes
   110 | D:1      | XOM: butterfly on damage
   204 | D:1      | Reached XP level 2. HP: 16/16 MP: 3/3
   687 | D:1      | Found a faded altar of an unknown god.
  1014 | D:2      | XOM: 2-stop teleportation journey
  1260 | D:2      | XOM: noise
  1283 | D:2      | XOM: potion effect (brilliance)
  1286 | D:2      | Reached XP level 3. HP: 19/19 MP: 4/4
  1447 | D:2      | Reached skill level 4 in Axes
  1599 | D:2      | Found an ornate altar of the Wu Jian Council.
  1632 | D:2      | XOM is BORED!
  1632 | D:2      | XOM: torment (12/19 hp)
  1834 | D:2      | XOM: 2-stop teleportation journey
  2056 | D:2      | XOM: stat loss: -1 Int (11/12)
  2146 | D:3      | Gained mutation: Your natural rate of healing is unusually
                  | fast. [Vine Stalker growth]
  2146 | D:3      | Reached XP level 4. HP: 18/23 MP: 3/5
  2156 | D:3      | XOM: summons friendly ufetubus
  2159 | D:3      | Reached skill level 5 in Axes
  2159 | D:3      | Reached XP level 5. HP: 21/27 MP: 4/6
  2168 | D:3      | XOM: 1-stop teleportation journey
  2187 | D:3      | XOM: smoke on damage
  2190 | D:3      | Slain by a gnoll

Illustrated notes

Levels and vault maps discovered:
D:1:      minmay_arrival_plants_in_alcoves, layout_basic,
          chequers_ecumenical_altar_twisty, st_stairs_1
D:2:      layout_basic, basic_altar, serial_bayou, serial_bayou_lagoon_a,
          serial_bayou_crossing, serial_bayou_shore_b
D:3:      layout_loops_ring

Skill      XL: |  1  2  3  4 |
---------------+-------------+-----
Axes           | 3 4 5 |  5.2
Fighting       | |  2.6
Armour         | |  1.5
Dodging        | |  0.7

Action                   |  1- 3 |  4- 6 || total
-------------------------+-------+-------++-------
Melee: Hand axe          |    76 |    19 ||    95
       Bite              |    20 |     6 ||    26
 Stab: Confused          |     1 |       ||     1
       Petrified         |     2 |       ||     2
Armor: Leather armour    |    22 |     5 ||    27
Dodge: Dodged            |    39 |    11 ||    50

Table legend: (Time is in decaauts)
 A = Elapsed time spent in this place.
 B = Non-inter-level travel time spent in this place.
 C = Inter-level travel time spent in this place.
 D = Time resting spent in this place.
 E = Time spent auto-exploring this place.
 F = Levels seen in this place.
 G = Mean time per level.
                   A        B        C        D        E       F      G
               +--------+--------+--------+--------+--------+-----+--------+
         Total |   2222 |   2186 |     36 |      0 |   1866 |   3 |  740.7 |
       Dungeon |   2222 |   2186 |     36 |      0 |   1866 |   3 |  740.7 |
               +--------+--------+--------+--------+--------+-----+--------+

Top non-repeatable levels by time:
     D:2: 1237 daAuts
     D:1: 899 daAuts
     D:3: 85 daAuts
